AoeStats
← Meerkat General

QS Arena

503569733Analyzed
1v1 RM · 9d ago on Sep 1, 2026· 35m 47s· 2 players
Game mode
Random Map
Map size
Tiny (2 player)
Population
200
Speed
Normal
Resources
Standard
Victory
Conquest
Starting age
Dark Age
Ending age
Imperial Age
RankedLock teamsTeams togetherTeam positionsShared explorationLock speedFull tech treeHidden civsTurbo modeCheats
Victory
Defeat
🇦🇺 Inca · Australia
1004
+18
🇨🇿 Khmer · Czechia
1038
-18
Meerkat General
8:27 Feudal Age
9:37 Loom
13:08 Castle Age
11:38 Double-Bit Axe
13:49 Champi Runner
16:16 Squires
17:36 Champi Warrior
19:44 Arson
20:08 Scale Mail Armor
21:52 Forging
24:16 Pikeman
24:25 Pikeman
Slanda_CZ
8:29 Feudal Age
11:12 Castle Age
9:33 Double-Bit Axe
10:51 Horse Collar
12:17 Bow Saw
18:54 Wheelbarrow
19:17 Loom
19:30 Loom
21:14 Heavy Plow
21:35 Bloodlines
26:35 Imperial Age
24:50 Gold Mining
25:07 Town Watch
27:06 Ballistics
27:57 Fletching
28:33 Bodkin Arrow
33:50 Bracer
Connection lost

Rejoining the realm…

Still unreachable

The connection could not be restored.

Session expired

The server has moved on; the page needs a fresh start.